 Dungeon Crawl Stone Soup version 0.19-a0-1277-g7cecae3 (webtiles) character file.

16 Redz the Stinger (level 2, 0/15 HPs)
             Began as a Gargoyle Venom Mage on Aug 30, 2016.
             Slain by a kobold
             ... wielding a +0 short sword
              (2 damage)
             ... on level 1 of the Dungeon.
             The game lasted 00:02:39 (402 turns).

Redz the Stinger (Gargoyle Venom Mage)               Turns: 402, Time: 00:02:39

Health: 0/15       AC:  4    Str: 11    XL:     2   Next: 54%
Magic:  3/5        EV: 12    Int: 15    God:
Gold:   36         SH:  0    Dex: 10    Spells: 1 memorised, 4 levels left

rFire  . . .     SeeInvis .     d - +0 club
rCold  . . .     Gourm    .     a - +0 robe
rNeg   + . .     Faith    .     (no shield)
rPois  ∞         Spirit   .     (no helmet)
rElec  +         Dismiss  .     (no cloak)
rCorr  .         Reflect  .     (no gloves)
MR     .....     Harm     .     (no boots)
Stlth  ++........               (no amulet)
                                (no ring)
                                (no ring)

@: no status effects
A: negative energy resistance 1, electricity resistance, unbreathing,
petrification resistance, rot immunity, AC +2
a: no special abilities


You were on level 1 of the Dungeon.
You were not hungry.

You visited 1 branch of the dungeon, and saw 1 of its levels.

You collected 36 gold pieces.

Inventory:

Hand Weapons
 d - a +0 club (weapon)
Armour
 a - a +0 robe (worn)
 i - a +2 leather armour of magic resistance
Scrolls
 f - 2 scrolls of identify {unknown}
 g - a scroll of remove curse {unknown}
 h - a scroll of enchant weapon {unknown}
Potions
 e - a potion of curing {unknown}
Books
 b - a Young Poisoner's Handbook

   Spells                             Type                      Level
   a - Sting                          Conjuration/Poison           1
   b - Mephitic Cloud                 Conjuration/Poison/Air       3
   c - Olgreb's Toxic Radiance        Poison                       4
   d - Alistair's Intoxication        Transmutation/Poison         5
   e - Venom Bolt                     Conjuration/Poison           5
Comestibles
 c - a bread ration


   Skills:
 + Level 0.0 Fighting
 + Level 0.2 Armour
 + Level 1.7 Dodging
 + Level 2.5 Stealth
 + Level 2.1 Spellcasting
 + Level 0.7 Conjurations
 + Level 4.1 Poison Magic


You had 4 spell levels left.
You knew the following spells:

 Your Spells              Type           Power        Failure   Level  Hunger
a - Sting                 Conj/Pois      #...         12%         1    #......


Dungeon Overview and Level Annotations

Branches:
Dungeon (1/15)

Altars:


Innate Abilities, Weirdness & Mutations

You are resistant to torment.
Your stone body is resilient. (AC +2)
You are immune to poison.
You resist negative energy. (rN+)
You are resistant to electric shocks. (rElec)
You can survive without breathing.
You are immune to petrification.
You are immune to rotting.


Message History

The kobold hits you with a short sword.
You closely miss the kobold.
The kobold is moderately wounded.
The kobold hits you but does no damage.
You hit the kobold but do no damage.
The kobold is moderately wounded.
The kobold hits you with a short sword.
You hit the kobold but do no damage.
The kobold is moderately wounded.
The kobold completely misses you. The kobold closely misses you.
You closely miss the kobold. The kobold closely misses you.
You miss the kobold. The kobold hits you with a short sword.
You hit the kobold but do no damage. The kobold hits you with a short sword.
* * * LOW HITPOINT WARNING * * *
The kobold hits you with a short sword.
* * * LOW HITPOINT WARNING * * *
Your magical contamination has completely faded away.
You see here 2 stones.
The kobold hits you with a short sword.
You die...

........#.#.#..#..#.####.##≈§§§§#
........#'#.#..#..#.####.###≈≈≈§≈
............#.....#......# ###§§≈
......†.....#..#.################
............#..#......#..........
...######+#.#..######.#.###......
...##### #.#.).......#.# #......
......... #.#.#########'###(.....
.######## #.....@K.........####..
.# ###'#######.(....####.. .#
#.......#..........#>.. .#
#.......#..........#... .#
#.......#..........#... .#
#.......#..........#... .#
#.......#..........#... ##
#.......#..........#...
#.......#############..


You could see a kobold.

Vanquished Creatures
  3 bats (D:1)
  2 giant cockroaches (D:1)
  2 goblins (D:1)
  4 hobgoblins (D:1)
  A kobold (D:1)
  A rat (D:1)
13 creatures vanquished.

Notes
Turn   | Place    | Note
-------+----------+-------------------------------------------
     0 | D:1      | Redz the Gargoyle Venom Mage began the quest for the Orb.
     0 | D:1      | Reached XP level 1. HP: 10/10 MP: 3/3
   116 | D:1      | Reached XP level 2. HP: 15/15 MP: 3/5
   402 | D:1      | Slain by a kobold

Vault maps used:
D:1:      lightli_molten_gateway

Action                   || total
-------------------------++-------
Melee: Club              ||    27
 Cast: Sting             ||    20
 Stab: Sleeping          ||     1
Armor: Robe              ||     9
Dodge: Dodged            ||    25
